 Dungeon Crawl Stone Soup version 0.21.1-1-g345015f (webtiles) character file.

84 letownia2 the Poker (level 4, -1/33 HPs)
             Began as a Merfolk Gladiator on Feb 15, 2018.
             Was an Initiate of Ru.
             Slain by Crazy Yiuf
             ... wielding a +2 quarterstaff of chaos
              (8 damage)
             ... on level 3 of the Dungeon.
             The game lasted 00:04:25 (520 turns).

letownia2 the Poker (Merfolk Gladiator)              Turns: 520, Time: 00:04:26

Health: -1/33      AC:  5    Str: 15    XL:     4   Next: 45%
Magic:  4/4        EV: 12    Int:  7    God:    Ru [......]
Gold:   54         SH:  0    Dex: 15    Spells: 3/3 levels left

rFire    . . .     SeeInvis .   a - +0 trident
rCold    . . .     Gourm    .   (no shield)
rNeg     . . .     Faith    .   q - -1 ring mail (curse)
rPois    .         Spirit   .   c - +0 helmet
rElec    .         Reflect  .   (no cloak)
rCorr    .         Harm     .   (no gloves)
MR       .....                  (no boots)
Stlth    +.........             (no amulet)
HPRegen  0.11/turn              (no ring)
MPRegen  0.09/turn              (no ring)

@: drained
A: change form in water, swift swim, stealthy swim
a: Renounce Religion


You were on level 3 of the Dungeon.
You worshipped Ru.
Ru was noncommittal.
You were not hungry.

You visited 1 branch of the dungeon, and saw 3 of its levels.

You collected 54 gold pieces.

Inventory:

Hand Weapons
 a - a +0 trident (weapon)
Armour
 b - a +0 leather armour
 c - a +0 helmet (worn)
 j - a +2 robe of magic resistance
 o - a cursed +0 chain mail
 q - a cursed -1 ring mail (worn)
Scrolls
 g - a scroll of enchant armour {unknown}
 i - 3 scrolls of remove curse {unknown}
 k - a scroll of identify {unknown}
 l - 2 scrolls of amnesia {unknown}
 m - a scroll of immolation {unknown}
 n - a scroll of magic mapping {unknown}
 r - a scroll of teleportation {unknown}
 s - 2 scrolls of random uselessness {unknown}
Potions
 e - a potion of curing {unknown}
 h - a potion of brilliance {unknown}
Comestibles
 d - 2 chunks of flesh
 f - 4 rations


   Skills:
 + Level 2.3(2.0) Fighting
 + Level 7.1(6.8) Polearms
 - Level 2.0(1.8) Throwing
 + Level 0.0 Armour
 - Level 4.3(4.0) Dodging


You had 3 spell levels left.
You didn't know any spells.

Dungeon Overview and Level Annotations

Branches:
Dungeon (3/15)

Altars:
Ru
Wu Jian

Annotations:
D:3 Crazy Yiuf, Grinder


Message History

Aim: Crazy Yiuf, wielding a quarterstaff of chaos and wearing a cloak You throw a throwing net.
The throwing net barely misses Crazy Yiuf.
Crazy Yiuf closely misses you.
Unknown command.
Crazy Yiuf screams, "Nubble!
Cholesterol cloud water."
Crazy Yiuf laughs, "Island cloud agre!"
You hit Crazy Yiuf.
Crazy Yiuf is lightly wounded.
Crazy Yiuf hits you with a quarterstaff of chaos.
You feel drained.
Crazy Yiuf cries, "Sif Muna toodlewoodle bush!"
Crazy Yiuf screams, "Race broken stair!"
Crazy Yiuf screams, "Pitchfork!"
Crazy Yiuf grits, "Line dark blue!"
Crazy Yiuf hits you with a quarterstaff of chaos!
* * * LOW HITPOINT WARNING * * *
Unknown command.
Crazy Yiuf hits you with a quarterstaff of chaos!
You die...

#########...................#
............................# .
..............##............# ...
..............##.†..........# ...
..............##............# ...
............5.##†...........##...
..............##.................
.....(..(......g.................
............#...@................
............#........###.........
............#....................
.....################............
.....# #............ ..(..#
#............ .....# ###
♣♣##............ .....# #)..#♣♣
♣♣.#............. .....#
#(..'.♣♣♣♣......#.........


You could see Grinder and Crazy Yiuf.

Vanquished Creatures
  Jessica (D:3)
  3 adders
  An ooze (D:2)
  A worm (D:2)
  A dart slug (D:1)
  2 leopard geckos (D:2)
  2 giant cockroaches
  2 goblins
  3 hobgoblins
  A bat (D:3)
  2 frilled lizards
  2 kobolds
  A rat (D:2)
22 creatures vanquished.

Notes
Turn   | Place    | Note
-------+----------+-------------------------------------------
     0 | D:1      | letownia2 the Merfolk Gladiator began the quest for the Orb.
     0 | D:1      | Reached XP level 1. HP: 16/16 MP: 1/1
    66 | D:2      | Reached XP level 2. HP: 22/22 MP: 2/2
    89 | D:2      | Reached skill level 5 in Polearms
   115 | D:2      | Reached XP level 3. HP: 11/27 MP: 3/3
   134 | D:2      | Reached skill level 6 in Polearms
   179 | D:2      | Found a sacrificial altar of Ru.
   187 | D:2      | Became a worshipper of Ru the Awakened
   240 | D:3      | Noticed Grinder
   276 | D:2      | Found an ornate altar of the Wu Jian Council.
   340 | D:3      | Noticed Jessica
   359 | D:3      | Killed Jessica
   359 | D:3      | Reached XP level 4. HP: 8/33 MP: 4/4
   366 | D:3      | Reached skill level 7 in Polearms
   490 | D:3      | Found a runed door.
   494 | D:3      | Noticed Crazy Yiuf
   520 | D:3      | Slain by Crazy Yiuf

Skill      XL: |  1  2  3  4 |
---------------+-------------+-----
Polearms       | 5 6 7 |  7.1
Fighting       | |  2.3
Throwing       | |  2.0
Dodging        | |  4.3

Action                   |  1- 3 |  4- 6 || total
-------------------------+-------+-------++-------
Melee: Trident           |    45 |    19 ||    64
Throw: Throwing net      |     2 |     4 ||     6
 Stab: Held in net/web   |     1 |     1 ||     2
Armor: Leather armour    |     5 |     4 ||     9
Dodge: Dodged            |    19 |    16 ||    35
